 Dungeon Crawl Stone Soup version 0.28-a0-906-g0406aca7d3 (webtiles) character file.

Game seed: 6003536112071503737

45 flyleaff the Digger (level 3, -2/26 HPs)
             Began as a Formicid Earth Elementalist on Nov 24, 2021.
             Slain by a gnoll (8 damage)
             ... on level 2 of the Dungeon.
             The game lasted 00:04:37 (1218 turns).

flyleaff the Digger (Formicid Earth Elementalist)   Turns: 1218, Time: 00:04:38

Health: -2/26      AC:  2    Str: 12    XL:     3   Next: 90%
Magic:  3/7        EV: 12    Int: 15    God:
Gold:   23         SH:  0    Dex: 11    Spells: 3/7 levels left

rFire   . . .      SeeInvis +   d - +0 trident
rCold   . . .      Faith    .   (no shield)
rNeg    . . .      Spirit   .   b - +0 robe
rPois   .          Reflect  .   (helmet unavailable)
rElec   .          Harm     .   (no cloak)
rCorr   .          Rampage  .   (no gloves)
Will    .....                   (no boots)
Stlth   ++........              i - amulet of the acrobat
HPRegen 0.08/turn               (no ring)
MPRegen 0.10/turn               (no ring)

@: very slightly contaminated
A: permanent stasis, dig shafts and tunnels, antennae 3, four strong arms
a: Dig, Shaft Self


You were on level 2 of the Dungeon.
You visited 1 branch of the dungeon, and saw 2 of its levels.

You collected 23 gold pieces.

Inventory:

Hand Weapons
 a - a +0 hunting sling
 d - a +0 trident (weapon)
Missiles
 c - 46 stones
Armour
 b - a +0 robe (worn)
Jewellery
 i - an amulet of the acrobat (around neck)
Scrolls
 g - 2 scrolls of identify {unknown}
 h - a scroll of vulnerability {unknown}
Potions
 e - a potion of attraction {unknown}
 f - 2 potions of flight {unknown}
 j - a potion of invisibility {unknown}
 k - a potion of cancellation {unknown}


   Skills:
 - Level 1.0 Fighting
 - Level 1.0 Armour
 - Level 1.7 Dodging
 - Level 2.4 Stealth
 - Level 2.7 Spellcasting
 * Level 1.1 Conjurations
 - Level 1.1 Transmutations
 + Level 4.1 Earth Magic


You had 3 spell levels left.
You knew the following spells:

 Your Spells              Type           Power      Damage    Failure   Level
a - Sandblast             Erth           28%        2d8       3%          1
b - Stone Arrow           Conj/Erth      20%        3d8       21%         3

Your spell library contained the following spells:

 Spells                   Type           Power      Damage    Failure   Level
 Passwall                 Tmut/Erth      7%         N/A       11%         2
 Sting                    Tmut/Pois      12%        1d3       17%         1
 Poisonous Vapours        Pois/Air       4%         N/A       30%         2
 Summon Guardian Golem    Hex/Summ       2%         N/A       52%         3
 Petrify                  Tmut/Erth      9%         N/A       56%         4
 Olgreb's Toxic Radiance  Pois           2%         N/A       90%         4
 Orb of Destruction       Conj           2%         9d1       100%        7
 Spellforged Servitor     Conj/Summ      1%         N/A       100%        7


Dungeon Overview and Level Annotations

Branches:
Dungeon (2/15)

Altars:

Shops:
D:1 [


Innate Abilities, Weirdness & Mutations

You cannot be hasted, slowed, berserked, paralysed or teleported.
You can dig through walls and to a lower floor.
You have a pair of large antennae on your head. (SInv)
Your four strong arms can wield two-handed weapons with a shield.


Message History

Confirm with . or Enter, or press ? or * to list all spells.
Aiming: Sandblast (safe; 3% risk of failure)
Press: ? - help, Shift-Dir - straight line, f/p - gnoll
Aim: a gnoll, wielding a +0 spear (82% to hit)
The blast of sand hits the bat.
The bat is severely wounded.
The bat misses you.
The gnoll hits you from afar with a +0 spear.
The bat closely misses you.
Casting: Sandblast (safe; 3% risk of failure)
Confirm with . or Enter, or press ? or * to list all spells.
Aiming: Sandblast (safe; 3% risk of failure)
Press: ? - help, Shift-Dir - straight line, f/p - gnoll
Aim: a gnoll, wielding a +0 spear (82% to hit)
The blast of sand hits the bat!
You kill the bat!
The gnoll barely misses you.
Casting: Sandblast (safe; 3% risk of failure)
Confirm with . or Enter, or press ? or * to list all spells.
Aiming: Sandblast (safe; 3% risk of failure)
Press: ? - help, Shift-Dir - straight line, f/p - gnoll
Aim: a gnoll, wielding a +0 spear (82% to hit)
The blast of sand hits the gnoll!
The gnoll is almost dead.
The gnoll hits you with a +0 whip!
The gnoll hits you from afar with a +0 spear.
The gnoll completely misses you.
There is a stone staircase leading up here.
Casting: Sandblast (safe; 3% risk of failure)
Confirm with . or Enter, or press ? or * to list all spells.
The spell is quite dangerous to cast (21% risk of failure)!
Continue anyway?
Aiming: Stone Arrow (quite dangerous; 21% risk of failure)
Press: ? - help, Shift-Dir - straight line, f/p - gnoll
Aim: a gnoll, wielding a +0 spear (72% to hit)
You miscast Stone Arrow.
You are very lightly contaminated with residual magic.
The floor shifts beneath you alarmingly.
* * * LOW HITPOINT WARNING * * *
The gnoll hits you from afar with a +0 spear!
You die...

############# #...........#
#...........########
.........÷..........
...........#####.##
..............##.##
##########.........##...
#...<..@................ .#
#.##.##..#........##.... > .
.......g.......#.###.... #.#.
#######..#####.#.# #....
#....#......g.......#.# #....
....#.#####..###.....# #....
.........{............# #....
#.####....†...........###....
.#.......##.....#.##.....#..##


You could see 2 gnolls.

Vanquished Creatures
  An adder (D:2)
  2 worms (D:2)
  A dart slug (D:1)
  9 ball pythons (D:1)
  2 endoplasms
  A goblin (D:1)
  4 hobgoblins
  A quokka (D:1)
  4 bats
  A kobold (D:1)
26 creatures vanquished.

Notes
Turn   | Place    | Note
-------+----------+-------------------------------------------
     0 | D:1      | flyleaff the Formicid Earth Elementalist began the quest
                  | for the Orb.
     0 | D:1      | Reached XP level 1. HP: 13/13 MP: 3/3
   280 | D:1      | Reached XP level 2. HP: 20/20 MP: 5/5
   438 | D:1      | Found Deaxtah's Antique Armour Shop.
   634 | D:1      | Reached skill level 1 in Fighting
   634 | D:1      | Reached XP level 3. HP: 26/26 MP: 7/7
   765 | D:1      | Reached skill level 1 in Armour
   799 | D:1      | Learned a level 3 spell: Stone Arrow
   990 | D:2      | Reached skill level 4 in Earth Magic
  1155 | D:2      | Reached skill level 1 in Conjurations
  1218 | D:2      | Slain by a gnoll

Illustrated notes

Levels and vault maps discovered:
D:1:      minmay_arrival_shattered_statue, layout_loops_ring, serial_shops,
          nicolae_lakefront_shop, minivault_4
D:2:      layout_basic

Skill      XL: |  1  2  3 |
---------------+----------+-----
Fighting       | 1 |  1.0
Armour         | 1 |  1.0
Earth Magic    | 4 |  4.1
Conjurations   | 1 |  1.1
Dodging        | |  1.7
Stealth        | |  2.4
Spellcasting   | |  2.7
Transmutations | |  1.1

Action                   || total
-------------------------++-------
Melee: Trident           ||    19
 Cast: Sandblast         ||    28
 Abil: Dig               ||     1
 Stab: Sleeping          ||     9
Armor: Robe              ||     3
Dodge: Dodged            ||    13

Table legend: (Time is in decaauts)
 A = Elapsed time spent in this place.
 B = Non-inter-level travel time spent in this place.
 C = Inter-level travel time spent in this place.
 D = Time resting spent in this place.
 E = Time spent auto-exploring this place.
 F = Levels seen in this place.
 G = Mean time per level.
                   A        B        C        D        E       F      G
               +--------+--------+--------+--------+--------+-----+--------+
         Total |   1223 |   1210 |     13 |     24 |    961 |   2 |  611.5 |
       Dungeon |   1223 |   1210 |     13 |     24 |    961 |   2 |  611.5 |
               +--------+--------+--------+--------+--------+-----+--------+

Top non-repeatable levels by time:
     D:1: 950 daAuts
     D:2: 273 daAuts
